 Dungeon Crawl Stone Soup version 0.22.1-2-g9c5b331 (webtiles) character file.

241 Gearfox the Chopper (level 5, -1/45 HPs)
             Began as a Draconian Fighter on Nov 28, 2018.
             Slain by an orc wizard
             ... wielding a +0 dagger of electrocution
              (7 damage)
             ... on level 4 of the Dungeon.
             The game lasted 00:14:31 (3636 turns).

Gearfox the Chopper (Draconian Fighter)             Turns: 3636, Time: 00:14:31

Health: -1/45      AC:  6    Str: 24    XL:     5   Next: 80%
Magic:  5/5        EV: 10    Int:  9    God:
Gold:   190        SH:  9    Dex: 10    Spells: 4/4 levels left

rFire    . . .     SeeInvis .   n - +1 war axe
rCold    . . .     Gourm    .   b - +0 shield
rNeg     . . .     Faith    .   (armour unavailable)
rPois    .         Spirit   .   (helmet restricted)
rElec    .         Reflect  .   h - +0 cloak
rCorr    .         Harm     .   (no gloves)
MR       .....                  (no boots)
Stlth    +.........             (no amulet)
HPRegen  0.15/turn              (no ring)
MPRegen  0.09/turn              (no ring)

@: mighty
A: unfitting armour, cold-blooded, AC +5
a: no special abilities


You were on level 4 of the Dungeon.
You were not hungry.

You visited 1 branch of the dungeon, and saw 4 of its levels.

You collected 190 gold pieces.

Inventory:

Hand Weapons
 j - a +2 quarterstaff of chaos
 n - a +1 war axe (weapon)
Armour
 b - a +0 shield (worn)
 h - a +0 cloak (worn)
Scrolls
 a - a scroll of magic mapping {unknown}
 e - 2 scrolls of remove curse
 m - a scroll of teleportation
Potions
 c - a potion of might
 i - a potion of brilliance
 l - a potion of curing
 o - a potion of agility
 p - a potion of flight
Comestibles
 d - 5 rations


   Skills:
 - Level 3.2 Fighting
 * Level 6.1 Axes
 - Level 2.6 Dodging
 - Level 0.3 Stealth
 - Level 3.0 Shields


You had 4 spell levels left.
You didn't know any spells.
Your spell library was empty.

Dungeon Overview and Level Annotations

Branches:
Dungeon (4/15)
 Temple: D:4-7

Altars:


Innate Abilities, Weirdness & Mutations

Your plain brown scales are hard. (AC +5)
You cannot fit into any form of body armour.
You are cold-blooded and may be slowed by cold attacks.


Message History

You closely miss something. Something hits you but does no damage.
You barely miss the orc wizard.
An orc wizard appears from thin air!
Reactivating autopickup.
The orc wizard casts a spell at you. The magic dart hits you!
* * * LOW HITPOINT WARNING * * *
You feel better. You block the orc wizard's attack.
The orc wizard barely misses you.
The orc wizard casts a spell.
The orc wizard flickers and vanishes!
Deactivating autopickup; reactivate with Ctrl-A.
You feel very mighty all of a sudden.
The orc wizard points at you and mumbles some strange words.
The magic dart hits you!
* * * LOW HITPOINT WARNING * * *
All of the chunks of flesh in your inventory have rotted away.
You closely miss the orc wizard.
The orc wizard hits you but does no damage.
The orc wizard hits you with a dagger of electrocution!
You die...

#......##......#
#####...#......#
#####.#........#
...##..........#
#..>...........#
.........#######
.....#...########
#....##.........####
#...........###.@o{#########.
#...........# ####loo........
#...........# #####..8....
############# ....... .....>.
....... ....... .......
..8....


You could see an iguana, an orc wizard and 2 orcs.

Vanquished Creatures
  Crazy Yiuf (D:4)
  A bullfrog skeleton (D:4)
  A hound skeleton (D:4)
  5 adders
  A howler monkey skeleton (D:4)
  2 oozes
  2 worms (D:2)
  A dart slug (D:1)
  3 leopard geckos
  8 orcs
  2 giant cockroaches
  5 goblins
  7 hobgoblins
  17 jackals
  6 kobolds
  A quokka (D:3)
  2 ball pythons
  8 bats
  7 frilled lizards
  12 rats
  4 fungi (D:4)
96 creatures vanquished.

Notes
Turn   | Place    | Note
-------+----------+-------------------------------------------
     0 | D:1      | Gearfox the Draconian Fighter began the quest for the Orb.
     0 | D:1      | Reached XP level 1. HP: 19/19 MP: 1/1
   250 | D:1      | Reached XP level 2. HP: 26/26 MP: 2/2
   510 | D:1      | Reached skill level 3 in Axes
  1081 | D:1      | Reached XP level 3. HP: 30/31 MP: 3/3
  1504 | D:2      | Reached skill level 4 in Axes
  1786 | D:2      | Reached XP level 4. HP: 38/38 MP: 4/4
  2462 | D:3      | Reached skill level 5 in Axes
  2645 | D:3      | Reached XP level 5. HP: 40/45 MP: 5/5
  3354 | D:4      | Found a runed door.
  3398 | D:4      | Noticed Crazy Yiuf
  3406 | D:4      | Killed Crazy Yiuf
  3515 | D:4      | Reached skill level 6 in Axes
  3636 | D:4      | Slain by an orc wizard

Skill      XL: |  1  2  3  4  5 |
---------------+----------------+-----
Axes           | 3 4 5 6 |  6.1
Fighting       | |  3.2
Dodging        | |  2.6
Stealth        | |  0.3
Shields        | |  3.0

Action                   |  1- 3 |  4- 6 || total
-------------------------+-------+-------++-------
Melee: War axe           |   110 |   166 ||   276
       Tailslap          |    13 |    13 ||    26
  Use: Scroll            |       |    10 ||    10
       Potion            |       |     3 ||     3
 Stab: Sleeping          |     2 |       ||     2
  Eat: Chunk             |     3 |     6 ||     9
Armor: Skin              |    36 |    63 ||    99
Dodge: Dodged            |    91 |    52 ||   143
Block: Shield            |    73 |    82 ||   155
